 Dungeon Crawl Stone Soup version 0.31.0 (webtiles) character file.

Game seed: 15707227332117873887

3136 jpg7707 the Purveyor of Pain (level 9, -6/62 HPs)
             Began as a Demonspawn Necromancer on Jan 20, 2024.
             Was an Initiate of Kikubaaqudgha.
             Asphyxiated
             ... on level 8 of the Dungeon.
             The game lasted 00:57:41 (9063 turns).

jpg7707 the Purveyor of Pain (DsNe)                 Turns: 9063, Time: 00:57:42

Health: -6/62      AC: 16    Str: 10    XL:     9   Next: 61%
Magic:  4/17       EV: 13    Int: 21    God:    Kikubaaqudgha [......]
Gold:   969        SH:  0    Dex: 22    Spells: 6/18 levels left

rFire   + . .        O - +4 mace
rCold   + + .        (no shield)
rNeg    + + +        s - +0 ring mail
rPois   +            F - +0 helmet
rElec   +            e - +2 cloak
rCorr   +            (no gloves)
SInv    .            q - +1 pair of boots
Will    .....        (no amulet)
Stlth   ++           j - +6 ring of dexterity
HPRegen 0.30/turn    y - ring of the Burnt Mangosteen {rPois rN+++ AC+4 Dex+3 Stlth-}
MPRegen 0.15/turn

%: no passive effects
@: lethally poisoned (-6 -> -39), about to teleport, resistant
A: ignite blood 1, powered by pain 1, big brain 1, weakness stinger 2, cold
resistance 1, robust 1
a: Renounce Religion


You were on level 8 of the Dungeon.
You worshipped Kikubaaqudgha.
Kikubaaqudgha was noncommittal.
You visited 2 branches of the dungeon, and saw 9 of its levels.

You collected 969 gold pieces.

Inventory:

Hand Weapons
 b - a +0 short sword of speed
 h - a +0 falchion
 i - a +0 dagger
 m - a +0 short sword
 p - a +2 spear of freezing
 t - a +0 dagger of draining
 E - a +2 whip of draining
 H - a +0 spear of venom
 I - a +0 rapier of electrocution
 O - a +4 mace (weapon)
Missiles
 l - 2 boomerangs
 r - a throwing net
Armour
 a - a +0 robe
 e - a +2 cloak (worn)
 f - a +1 cloak
 q - a +1 pair of boots (worn)
 s - a +0 ring mail (worn)
 A - a +2 robe of willpower
 F - a +0 helmet (worn)
 K - a +0 scale mail
 M - a +0 helmet
Jewellery
 j - a +6 ring of dexterity (left hand)
 o - a ring of resist corrosion
 y - the ring of the Burnt Mangosteen (right hand) {rPois rN+++ AC+4 Dex+3 Stlth-}
   (You found it on level 4 of the Dungeon)

   [ring of protection]

   AC+4:      It affects your AC (+4).
   Dex+3:     It affects your dexterity (+3).
   rPois:     It protects you from poison rN+++: It renders you almost immune to
   negative energy.
   Stlth-:    It makes you less stealthy.
Talismans
 D - a dragon-blood talisman
 G - a dragon-blood talisman
Wands
 c - a wand of flame (20)
 v - a wand of polymorph (7)
Scrolls
 k - a scroll of identify
 x - 2 scrolls of teleportation
 L - a scroll of revelation
Potions
 d - a potion of invisibility {unknown}
 g - 2 potions of attraction
 z - a potion of mutation
 J - a potion of degeneration {unknown}


   Skills:
 - Level 2.5 Short Blades
 + Level 1.7 Maces & Flails
 + Level 3.3 Armour
 + Level 5.2 Dodging
 + Level 5.7 Stealth
 + Level 5.4 Spellcasting
 * Level 9.7 Necromancy
 - Level 0.1 Shapeshifting


You had 6 spell levels left.
You knew the following spells:

 Your Spells              Type           Power      Damage    Failure   Level
a - Necrotise             Necr           100%       1d9       1%          1
b - Animate Dead          Necr           46%        N/A       4%          4
c - Fugue of the Fallen   Necr           46%        N/A       1%          3
d - Anguish               Hex/Necr       13%        N/A       34%         4

Your spell library contained the following spells:

 Spells                   Type           Power      Damage    Failure   Level
 Sublimation of Blood     Necr           46%        N/A       1%          2
 Vampiric Draining        Necr           46%        2d9       1%          3
 Curse of Agony           Necr           46%        N/A       13%         5
 Ensorcelled Hibernation  Hex/Ice        10%        N/A       36%         2
 Mercury Vapours          Alch/Air       10%        N/A       36%         2
 Mephitic Cloud           Conj/Alch/Air  5%         N/A       58%         3
 Petrify                  Alch/Erth      5%         N/A       94%         4
 Freezing Cloud           Conj/Ice/Air   2%         6-21      100%        5
 Irradiate                Conj/Alch      2%         3d12      100%        5


Dungeon Overview and Level Annotations

Branches:
Dungeon (8/15)             Temple (1/1) D:6
   Lair: D:8-11

Altars:
Ashenzari
Cheibriados
Dithmenos
Fedhas
Gozag
Hepliaklqana
Kikubaaqudgha
Makhleb
Nemelex Xobeh
Okawaru
Qazlal
Ru
Sif Muna
Trog
Uskayaw
Vehumet
Wu Jian
Xom
Yredelemnul

Shops:
D:6 (

Annotations:
D:8 Amaemon


Innate Abilities, Weirdness & Mutations

Your demonic aura sometimes causes spilled blood to erupt in flames.
You sometimes gain a little power by taking damage.
You have an unusually large brain. (Int +2)
You have a tail ending in a sharp stinger.
Your flesh is cold resistant. (rC+)
You are robust. (+10% HP)


Message History

Something hits your gnoll bouda zombie.
Your gnoll bouda zombie looks weaker.
Aiming: Necrotise (safe; 1% risk of failure)
Press: ? - help, Q - select action, (/) - cycle Shift-Dir - straight line, f/p - Amaemon
Aim: Amaemon, wielding a -1 demon whip of venom (moderately wounded, ally target, chance to affect: 52%) Amaemon writhes in agony.
You feel sick.
You are no longer poisoned.
Something stings your gnoll bouda zombie!
Something hits your gnoll bouda zombie.
Your gnoll bouda zombie looks even weaker.
You swap places.
Amaemon hits you but does no damage. Amaemon claws you but does no damage.
Amaemon tail-slaps you but does no damage.
The orange demon stings you from afar. You resist.
Your gnoll bouda zombie hits Amaemon but does no damage.
Aiming: Necrotise (safe; 1% risk of failure)
Press: ? - help, Q - select action, (/) - cycle Shift-Dir - straight line, f - orange demon, p - Amaemon
Aim: an orange demon (concentrated venom, not susceptible)
The orange demon is unaffected.
Amaemon hits you with a -1 demon whip of venom.
* * * LOW HITPOINT WARNING * * *
Amaemon claws you.
* * * LOW HITPOINT WARNING * * *
Amaemon tail-slaps you but does no damage.
The orange demon stings you but does no damage.
As you read the scroll of teleportation, it crumbles to dust.
You feel strangely unstable. Amaemon closely misses you. Amaemon claws you.
* * * LOW HITPOINT WARNING * * *
Amaemon completely misses you. The orange demon barely misses you.
Your gnoll bouda zombie hits Amaemon.
Amaemon is engulfed in blazing flames.
Amaemon whispers, "Once I find the ORB, I'll be cured.
I'll be normal again!"
The orange demon closely misses you.
Your gnoll bouda zombie hits Amaemon.
The orange demon stings you from afar!
* * * LOW HITPOINT WARNING * * *
You are lethally poisoned!
You have difficulty breathing.
You die...
Kikubaaqudgha rasps: "You have failed me!
Welcome... death!"

##### ######...#
#...))...#############
#.##)).....ZZZ.......#
##.<.#######.####.#
##.## #.#
...########.###
.....#......@.6Z#
#.#......######.#○#
........ #4#s#
#.#.....# #......#
.###...## #.##.### #
#.# ..# .### ..


You could see Amaemon (distracted, ally target), an orange demon (curare) and a
friendly gnoll bouda zombie (weak).

Vanquished Creatures
  Maurice (D:7)
  Sigmund (D:3)
  A steam dragon (D:7)
  2 water moccasins
  An ice beast (D:6)
  A black bear (D:5)
  A sky beast (D:7)
  An ogre (D:5)
  3 centaurs
  2 phantoms
  3 bullfrogs
  2 scorpions
  A howler monkey (D:7)
  5 jellies
  5 hounds
  A centaur zombie (D:7)
  A bullfrog zombie (D:8)
  An orc priest (D:7)
  4 bombardier beetles
  A gnoll bouda (D:8)
  Natasha (thrice) (D:3)
  2 iguanas (D:5)
  4 orc wizards
  12 gnolls
  9 adders
  A river rat (D:4)
  2 shadow imps (D:6)
  2 white imps
  3 ribbon worms
  2 dart slugs
  27 orcs
  7 ball pythons
  3 bats
  7 endoplasms
  5 giant cockroaches
  6 goblins
  6 hobgoblins
  2 jackals (D:1)
  8 kobolds
  3 quokkas (D:2)
  4 frilled lizards
  2 gnoll zombies (D:8)
  4 orc zombies
  15 rats
177 creatures vanquished.

Vanquished Creatures (collateral kills)
  A howler monkey (D:7)
  A gnoll (D:8)
  An adder (D:3)
  4 orcs
  3 endoplasms
  A giant cockroach (D:1)
  A hobgoblin (D:2)
  A jackal (D:1)
  2 kobolds
15 creatures vanquished.

Vanquished Creatures (others)
  A centaur zombie (D:6)
  A howler monkey zombie (D:7)
  2 jelly zombies
  A gnoll zombie (D:3)
  11 orc zombies
  A rat zombie (D:4)
  A river rat zombie (D:4)
18 creatures vanquished.

Grand Total: 210 creatures vanquished

Notes
Turn   | Place    | Note
-------+----------+-------------------------------------------
     0 | D:1      | jpg7707 the Demonspawn Necromancer began the quest for the
                  | Orb.
     0 | D:1      | Reached XP level 1. HP: 13/13 MP: 3/3
   410 | D:1      | Gained mutation: Your demonic aura sometimes causes spilled
                  | blood to erupt in flames. [demonic ancestry]
   410 | D:1      | Reached XP level 2. HP: 19/19 MP: 0/5
   848 | D:2      | Gained mutation: You are robust. (+10% HP) [potion of
                  | mutation]
   848 | D:2      | Gained mutation: Your flesh is cold resistant. (rC+)
                  | [potion of mutation]
  1027 | D:2      | Gained mutation: You have a small tail. [demonic ancestry]
  1027 | D:2      | Reached XP level 3. HP: 26/26 MP: 3/6
  1311 | D:2      | Reached skill level 5 in Necromancy
  1337 | D:2      | Reached XP level 4. HP: 28/33 MP: 1/7
  2149 | D:3      | Learned a level 4 spell: Animate Dead
  2153 | D:3      | Learned a level 3 spell: Fugue of the Fallen
  2422 | D:3      | Noticed Natasha
  2442 | D:3      | Killed Natasha
  2548 | D:3      | Noticed Natasha
  2552 | D:3      | Reached XP level 5. HP: 18/36 MP: 4/9
  2558 | D:3      | Killed Natasha
  2621 | D:3      | Found a sparkling altar of Nemelex Xobeh.
  2621 | D:3      | Found a basalt altar of Yredelemnul.
  2623 | D:3      | Found a shimmering altar of Xom.
  3089 | D:3      | Noticed Natasha
  3101 | D:3      | Killed Natasha
  3138 | D:3      | Noticed Sigmund
  3180 | D:3      | Killed Sigmund
  3181 | D:3      | Reached skill level 6 in Necromancy
  3181 | D:3      | Reached XP level 6. HP: 27/45 MP: 8/11
  3726 | D:4      | Found a glowing drain.
  4047 | D:4      | Identified the ring of the Burnt Mangosteen {rPois rN+++
                  | AC+4 Dex+3 Stlth-}
  4111 | D:4      | Gained mutation: You have a tail ending in a sharp stinger.
                  | [demonic ancestry]
  4111 | D:4      | Reached XP level 7. HP: 46/49 MP: 9/12
  4211 | D:4      | Reached skill level 7 in Necromancy
  4380 | D:4      | Learned a level 4 spell: Anguish
  4998 | D:5      | Entered Level 5 of the Dungeon
  5480 | D:5      | Gained mutation: You have an unusually large brain. (Int
                  | +2) [demonic ancestry]
  5480 | D:5      | Reached XP level 8. HP: 57/57 MP: 14/14
  5575 | D:5      | Reached skill level 1 in Armour
  5602 | D:5      | Reached skill level 1 in Short Blades
  5602 | D:5      | Reached skill level 8 in Necromancy
  6035 | D:6      | Found Viuvvimi's Antique Weapon Shoppe.
  7187 | D:6      | Found a staircase to the Ecumenical Temple.
  7193 | Temple   | Entered the Ecumenical Temple
  7206 | Temple   | Became a worshipper of Kikubaaqudgha
  7399 | D:6      | Reached skill level 5 in Stealth
  7679 | D:7      | Gained mutation: You sometimes gain a little power by
                  | taking damage. [demonic ancestry]
  7679 | D:7      | Reached XP level 9. HP: 21/62 MP: 16/16
  8006 | D:7      | Reached skill level 5 in Spellcasting
  8024 | D:7      | Reached skill level 9 in Necromancy
  8239 | D:7      | Noticed Maurice
  8248 | D:7      | Maurice stole a dragon-blood talisman
  8249 | D:7      | Maurice stole a ring of resist corrosion
  8261 | D:7      | Something stole a +0 scythe
  8264 | D:7      | Something stole a throwing net
  8266 | D:7      | Something stole 414 gold
  8287 | D:7      | Maurice stole 2 boomerangs
  8322 | D:7      | Killed Maurice
  8323 | D:7      | Reached skill level 1 in Maces & Flails
  8323 | D:7      | Reached skill level 5 in Dodging
  8804 | D:7      | Identified a scroll of acquirement
  8804 | D:7      | Acquired 548 gold pieces
  9034 | D:8      | Noticed an orange demon
  9034 | D:8      | Noticed Amaemon
  9063 | D:8      | HP: 3/62 [orange demon[Amaemon] (11)]
  9063 | D:8      | Asphyxiated

Illustrated notes

Levels and vault maps discovered:
D:1:      mainiacjoe_arrival_reflecting_pool, layout_loops_cross,
          chequers_serial_rivers_room_b, minmay_worlds_worst_comb
D:2:      layout_basic, minmay_cut_off
D:3:      layout_basic, nicolae_overflow_hidden_temple, uniq_natasha,
          uniq_sigmund
D:4:      minmay_octagon_keep, layout_loops_ring, lightli_sewer_entry_pipes,
          kennysheep_opposing_triangles
D:5:      nicolae_cairo_tiling_very_big, layout_basic
D:6:      layout_layer_cave, temple_green, serial_shops, nicolae_square_shop
D:7:      layout_basic, grunt_ministairs_6, uniq_maurice
D:8:      layout_loops_ring, uniq_amaemon, uniq_prince_ribbit1
Temple:   compressed_dpeg_triangle_lava_temple

Skill      XL: |  1  2  3  4  5  6  7  8  9 |
---------------+----------------------------+-----
Stealth        | 2 3 4 5 |  5.7
Dodging        | 2 3 4 5 |  5.2
Necromancy     | 5 6 7 8 9 |  9.7
Spellcasting   | 3 4 5 |  5.4
Armour         | 2 3 |  3.3
Short Blades   | 2 |  2.5
Maces & Flails | 1 |  1.7
Shapeshifting  | |  0.1

Action                     |  1- 3 |  4- 6 |  7- 9 || total
---------------------------+-------+-------+-------++-------
  Melee: Unarmed           |    15 |    20 |       ||    35
         Dagger            |    61 |   122 |   406 ||   589
         Falchion          |     5 |       |       ||     5
         Tailslap          |     5 |    24 |    89 ||   118
         Punch             |     1 |     2 |     7 ||    10
         Spear             |       |    44 |       ||    44
         Mace              |       |       |    77 ||    77
   Cast: Necrotise         |    26 |    22 |    26 ||    74
         Animate Dead      |       |     3 |    14 ||    17
         Fugue of the Fall |       |       |     2 ||     2
         Anguish           |       |       |     1 ||     1
  Evoke: Wand              |     1 |     3 |       ||     4
    Use: Potion            |     5 |     5 |     8 ||    18
         Scroll            |     1 |     3 |     5 ||     9
   Stab: Sleeping          |     8 |     2 |     1 ||    11
         Confused          |       |     2 |       ||     2
         Distracted        |       |       |     6 ||     6
 Armour: Robe              |    44 |     8 |       ||    52
         Ring mail         |       |   112 |   528 ||   640
         Skin              |       |     6 |    13 ||    19
  Dodge: Dodged            |    63 |   117 |   400 ||   580
